AoeStats
← mofo

Arabia

509801468Analyzed
2v2 RM · 5d ago on Sep 28, 2026· 80m 7s· 4 players
Game mode
Random Map
Map size
Medium (4 player)
Population
200
Speed
Normal
Resources
Standard
Victory
Conquest
Starting age
Dark Age
Ending age
Imperial Age
RankedLock teamsTeams togetherTeam positionsShared explorationLock speedFull tech treeHidden civsTurbo modeCheats
Victory
Defeat
🇹🇼 Bohemians · Taiwan
1180
+16
🇰🇬 Japanese · Kyrgyzstan
1145
+17
🇻🇪 Magyars · Venezuela
1185
-17
🇲🇽 Ethiopians · Mexico
1158
-16
EN_Tsai
9:47 Feudal Age
8:03 Loom
14:13 Castle Age
13:20 Double-Bit Axe
26:01 Ballistics
28:19 Redemption
33:11 Bow Saw
33:17 Forging
32:58 Fletching
33:09 Scale Mail Armor
34:18 Pikeman
38:59 Chemistry
40:13 Squires
43:06 Horse Collar
46:44 Imperial Age
44:54 Wheelbarrow
44:36 Careening
45:14 Heavy Plow
45:22 Arson
45:50 Wagenburg Tactics
47:37 Halberdier
49:53 Iron Casting
49:33 Chain Mail Armor
49:14 Bodkin Arrow
49:45 Hand Cart
49:16 Town Watch
50:02 Block Printing
49:58 Hussite Reforms
51:01 Elite Hussite Wagon
53:28 Blast Furnace
52:58 Plate Mail Armor
56:37 Bracer
56:40 Murder Holes
56:53 Siege Engineers
56:43 Murder Holes
65:13 Conscription
66:44 Fervor
66:34 Atonement
67:00 Illumination
66:55 Sanctity
66:36 Devotion
66:56 Sanctity
66:36 Devotion
67:12 Theocracy
66:57 Heresy
67:12 Theocracy
66:32 Herbal Medicine
67:12 Theocracy
70:51 Light Cavalry
75:41 Faith
79:40 Caravan
80:11 Coinage
mofo
6:49 Loom
9:05 Feudal Age
10:07 Man-at-Arms
10:43 Double-Bit Axe
13:40 Fletching
17:45 Wheelbarrow
18:36 Horse Collar
23:22 Castle Age
22:09 Padded Archer Armor
22:01 Gold Mining
23:32 Crossbowman
24:25 Bow Saw
25:53 Hand Cart
25:31 Stone Mining
27:55 Bodkin Arrow
28:06 Scale Barding Armor
28:18 Leather Archer Armor
29:45 Chain Barding Armor
29:55 Treadmill Crane
31:22 Bloodlines
32:13 Ballistics
32:24 Husbandry
34:06 Masonry
36:40 Imperial Age
35:05 Leather Archer Armor
36:26 Thumb Ring
38:55 Bracer
38:36 Heavy Cavalry Archer
39:42 Parthian Tactics
41:06 Parthian Tactics
41:05 Conscription
49:14 Two-Man Saw
48:15 Heavy Plow
48:50 Ring Archer Armor
48:39 Cavalier
48:42 Light Cavalry
59:15 Forging
61:42 Iron Casting
jorgeage34
7:04 Loom
9:31 Feudal Age
12:25 Double-Bit Axe
14:38 Fletching
22:27 Castle Age
21:57 Padded Archer Armor
22:01 Horse Collar
24:40 Bodkin Arrow
24:57 Thumb Ring
25:26 Elite Skirmisher
29:57 Heavy Plow
30:37 Bow Saw
30:54 Squires
35:21 Wheelbarrow
36:17 Gold Mining
37:10 Murder Holes
41:08 Imperial Age
40:43 Stone Mining
42:55 Chemistry
42:15 Ballistics
42:29 Conscription
45:19 Bracer
52:42 Hand Cart
53:35 Halberdier
55:19 Leather Archer Armor
55:15 Forging
55:06 Scale Mail Armor
54:55 Town Watch
58:37 Ring Archer Armor
58:23 Chain Mail Armor
60:20 Two-Man Saw
60:42 Iron Casting
61:16 Siege Engineers
62:02 Gold Shaft Mining
64:17 Torsion Engines
darienvasquez95
10:09 Feudal Age
10:11 Loom
21:15 Castle Age
20:17 Double-Bit Axe
27:06 Bow Saw
26:49 Stone Mining
26:50 Gold Mining
29:44 Horse Collar
32:06 Corvinian Army
33:24 Wheelbarrow
37:10 Gold Mining
38:22 Hand Cart
42:14 Imperial Age
41:41 Heavy Plow
42:00 Scale Barding Armor
42:59 Gold Shaft Mining
42:18 Cavalier
42:59 Husbandry
43:10 Bloodlines
43:41 Conscription
48:12 Chain Barding Armor
48:58 Heavy Scorpion
51:31 Ballistics
52:11 Chemistry
52:14 Paladin
53:21 Fletching
54:07 Plate Barding Armor
58:59 Recurve Bow
58:20 Elite Magyar Huszar
61:09 Light Cavalry
62:19 Bodkin Arrow
62:24 Padded Archer Armor
62:48 Hussar
62:55 Elite Skirmisher
63:40 Thumb Ring
63:37 Bracer
Connection lost

Rejoining the realm…

Still unreachable

The connection could not be restored.

Session expired

The server has moved on; the page needs a fresh start.